[Event "16th Marseille Festival 2023"]
[Site "Marseille"]
[Date "2023.12.30"]
[Round "6.2"]
[White "Philippe, Guillaume"]
[Black "Lamard, Guillaume"]
[Result "1/2-1/2"]
[WhiteElo "2334"]
[BlackElo "2497"]
[PlyCount "120"]
[EventDate "2023.12.30"]
[EventType "swiss"]
[EventCountry "FRA"]
[TimeControl "5400+30"]

1. e4 c6 2. d3 d5 3. Nd2 g6 4. g3 Bg7 5. Bg2 e5 6. Ngf3 Ne7 7. O-O O-O 8. b3 Qc7 9. Bb2 d4 10. c3 c5 11. cxd4 cxd4 12. a4 Nbc6 13. Ba3 f6 14. b4 Be6 15. Qc2 Qd7 16. Rfc1 Rfc8 17. Qb2 Nd8 18. b5 Nf7 19. Bf1 Bh6 20. Be2 g5 21. Bd1 Ng6 22. Rxc8+ Rxc8 23. Rc1 Rxc1 24. Qxc1 g4 25. Ne1 Qd8 26. Bb4 a5 27. bxa6 bxa6 28. Qc6 Qc8 29. Qxc8+ Bxc8 30. Bb3 Nf8 31. Bc4 Nd7 32. a5 Nb8 33. Nb3 Nc6 34. Nc2 Bf8 35. Bd2 Kg7 36. Bd5 Nfd8 37. Kg2 Be6 38. Bxe6 Nxe6 39. h3 h5 40. f3 gxf3+ 41. Kxf3 Kg6 42. h4 f5 43. Be1 f4 44. Bd2 fxg3 45. Kxg3 Nc5 46. Nxc5 Bxc5 47. Be1 Be7 48. Kf3 Kf7 49. Na1 Ke6 50. Nb3 Nb4 51. Ke2 Nc2 52. Bf2 Bb4 53. Kd1 Ne3+ 54. Bxe3 dxe3 55. Ke2 Kd6 56. Kxe3 Be1 57. d4 exd4+ 58. Nxd4 Bxa5 59. Nf5+ Ke5 60. Ng7 Bd8 1/2-1/2

[Event "16th Marseille Festival 2023"]
[Site "Marseille"]
[Date "2023.12.30"]
[Round "6.3"]
[White "Girel, Joseph"]
[Black "Petrosyan, Armen"]
[Result "1/2-1/2"]
[WhiteElo "2495"]
[BlackElo "2368"]
[PlyCount "142"]
[EventDate "2023.12.30"]
[EventType "swiss"]
[EventCountry "FRA"]
[TimeControl "5400+30"]

1. d4 d5 2. c4 e6 3. Nc3 a6 4. cxd5 exd5 5. Nf3 c6 6. e4 dxe4 7. Ng5 Nh6 8. Bc4 b5 9. Bb3 Nd7 10. O-O Nf6 11. Ngxe4 Nf5 12. Nxf6+ Qxf6 13. d5 c5 14. Re1+ Kd8 15. Ne4 Qg6 16. d6 Ra7 17. Qd5 Bxd6 18. Nxc5 Kc7 19. Bd2 Kb8 20. Rac1 Rd8 21. Bf4 Bxf4 22. Qxd8 Bxc1 23. Rxc1 Qd6 24. Nb7 Qd7 25. Qxd7 Bxd7 26. Nc5 Bc8 27. Bc2 Nd4 28. Bd3 Bf5 29. Rd1 Kc8 30. h4 Bxd3 31. Rxd3 Nf5 32. h5 a5 33. g4 Ne7 34. Ne4 Rd7 35. Rc3+ Kd8 36. Rc5 Rd5 37. Rxd5+ Nxd5 38. Nd6 Nb4 39. Nxb5 Nxa2 40. Nd6 Ke7 41. Nc4 Nb4 42. Nxa5 Nd3 43. Nc4 Ke6 44. Kg2 f5 45. f3 f4 46. b3 Kd5 47. g5 Ke6 48. Nd2 Kf5 49. Ne4 Ne1+ 50. Kf2 Nd3+ 51. Kf1 Ke5 52. Nf2 Nb4 53. Ke2 Kf5 54. Ne4 Nc6 55. Kf2 Nb4 56. Kg2 Nc2 57. h6 gxh6 58. gxh6 Ne1+ 59. Kf2 Nd3+ 60. Kf1 Kg6 61. Nc3 Kxh6 62. Nd5 Kg5 63. b4 Kf5 64. b5 Ke5 65. b6 Nc5 66. Nb4 Kd4 67. Nc6+ Kd5 68. Nb4+ Kc4 69. Nc2 Kb5 70. Kg2 Kxb6 71. Kh3 Nb3 1/2-1/2

[Event "16th Marseille Festival 2023"]
[Site "Marseille"]
[Date "2023.12.30"]
[Round "6.4"]
[White "Pichon, Ewen"]
[Black "De Carvalho Massabo, Raphael"]
[Result "1/2-1/2"]
[WhiteElo "2274"]
[BlackElo "2137"]
[PlyCount "63"]
[EventDate "2023.12.30"]
[EventType "swiss"]
[EventCountry "FRA"]
[TimeControl "5400+30"]

1. d4 Nf6 2. c4 e6 3. Nc3 d5 4. cxd5 exd5 5. Bg5 c6 6. e3 h6 7. Bh4 Bd6 8. Bd3 O-O 9. Nge2 Re8 10. Bg3 a5 11. O-O Na6 12. a3 Nc7 13. Bxd6 Qxd6 14. Ng3 b5 15. Rc1 Ne6 16. Nf5 Qf8 17. Qc2 Bd7 18. Rfd1 Ng5 19. Ng3 h5 20. Bf5 h4 21. Nh5 Ngh7 22. Nxf6+ Nxf6 23. Bxd7 Nxd7 24. Qf5 Nb6 25. Rc2 Nc4 26. Nb1 Re6 27. Nd2 Qe7 28. Nf3 a4 29. h3 Re8 30. Rdc1 Rh6 31. Qg4 Qe6 32. Qxe6 1/2-1/2

[Event "16th Marseille Festival 2023"]
[Site "Marseille"]
[Date "2023.12.30"]
[Round "6.5"]
[White "Avanesyan, Davit"]
[Black "Baroyan, Davit"]
[Result "1/2-1/2"]
[WhiteElo "2142"]
[BlackElo "2203"]
[PlyCount "86"]
[EventDate "2023.12.30"]
[EventType "swiss"]
[EventCountry "FRA"]
[TimeControl "5400+30"]

1. e4 e5 2. Nf3 Nc6 3. Nc3 Nf6 4. d4 exd4 5. Nxd4 Bb4 6. Nxc6 bxc6 7. Bd3 d5 8. exd5 cxd5 9. O-O O-O 10. h3 h6 11. Nb5 Ba6 12. Nd4 Bxd3 13. Qxd3 Re8 14. Nc6 Qd6 15. Nxb4 Qxb4 16. a3 Qe4 17. Be3 a5 18. Rfe1 a4 19. Qc3 Qf5 20. Qd3 Qxd3 21. cxd3 Rab8 22. Bd4 Nd7 23. Rxe8+ Rxe8 24. Rc1 c5 25. Bxc5 Nxc5 26. Rxc5 Re5 27. Kh2 Re2 28. Rxd5 Rxb2 29. Ra5 Rb3 30. Rxa4 Rxd3 31. Ra8+ {[%emt 0:00:00] Rb3 Ra4 Rd3 Ra8+} Kh7 32. Rf8 Rd7 33. Ra8 Rd2 34. Kg3 Rd3+ 35. Kh2 h5 36. a4 h4 37. a5 Ra3 38. a6 Ra2 39. f3 Ra1 40. Rf8 Kg6 41. Rh8 Ra4 42. a7 Rxa7 43. Rxh4 Ra2 1/2-1/2

[Event "16th Marseille Festival 2023"]
[Site "Marseille"]
[Date "2023.12.30"]
[Round "6.6"]
[White "Vu Dinh, Adrien"]
[Black "Fabre, Jean-charles"]
[Result "1-0"]
[WhiteElo "2234"]
[BlackElo "1883"]
[PlyCount "73"]
[EventDate "2023.12.30"]
[EventType "swiss"]
[EventCountry "FRA"]
[TimeControl "5400+30"]

1. e4 e6 2. d4 d5 3. Nd2 c5 4. Ngf3 cxd4 5. Nxd4 Nc6 6. Bb5 Bd7 7. Nxc6 bxc6 8. Bd3 Bd6 9. c4 Nf6 10. O-O O-O 11. Qe2 Qc7 12. h3 h6 13. Re1 dxe4 14. Nxe4 Nxe4 15. Bxe4 f5 16. Bc2 c5 17. b3 Rae8 18. Bb2 e5 19. Rad1 e4 20. Qd2 Bh2+ 21. Kh1 Bc6 22. Qe2 e3 23. fxe3 Qg3 24. Rd3 Be4 25. Rd7 Rf7 26. Rxf7 Kxf7 27. Rf1 Kg6 28. Bxe4 Rxe4 29. Qd3 Qc7 30. Qd5 Be5 31. Qe6+ Kh7 32. Qxf5+ Kg8 33. Qf8+ Kh7 34. Qf5+ Kg8 35. Qxe4 Bxb2 36. Qe8+ Kh7 37. Rf8 1-0

[Event "16th Marseille Festival 2023"]
[Site "Marseille"]
[Date "2023.12.30"]
[Round "6.7"]
[White "Delaplace, Mathias"]
[Black "Malka, Samuel"]
[Result "1-0"]
[WhiteElo "1956"]
[BlackElo "2201"]
[PlyCount "73"]
[EventDate "2023.12.30"]
[EventType "swiss"]
[EventCountry "FRA"]
[TimeControl "5400+30"]

1. e4 e5 2. Nf3 Nc6 3. Bc4 Nf6 4. d3 Bc5 5. Bg5 h6 6. Bh4 g5 7. Bg3 d6 8. c3 a6 9. Nbd2 Ba7 10. a4 Nh7 11. Nf1 O-O 12. Ne3 Kh8 13. Qd2 Ne7 14. h4 g4 15. Nh2 Bxe3 16. Qxe3 f5 17. exf5 Nxf5 18. Qe2 Nxg3 19. fxg3 Nf6 20. O-O Qe7 21. Rf2 Bd7 22. Raf1 Qg7 23. Bb3 Rae8 24. Qe3 Qg6 25. Bc2 Kg7 26. c4 c5 27. b4 cxb4 28. Qb6 b3 29. Qxb3 Bc6 30. Qb4 Rd8 31. a5 Rf7 32. c5 d5 33. Nxg4 Rdf8 34. Nxe5 Qxg3 35. Nxf7 Ng4 36. Qd4+ Kh7 37. Qf4 1-0

[Event "16th Marseille Festival 2023"]
[Site "Marseille"]
[Date "2023.12.30"]
[Round "6.8"]
[White "Charlier, Antoine"]
[Black "Yaghi, leen"]
[Result "1-0"]
[WhiteElo "2147"]
[BlackElo "1874"]
[PlyCount "93"]
[EventDate "2023.12.30"]
[EventType "swiss"]
[EventCountry "FRA"]
[TimeControl "5400+30"]

1. d4 d5 2. Nc3 Nf6 3. Bf4 c6 4. e3 Bf5 5. f3 e6 6. g4 Bg6 7. h4 h6 8. Bd3 Bxd3 9. Qxd3 Bd6 10. Nge2 Bxf4 11. Nxf4 Nbd7 12. O-O-O e5 13. Nfe2 Qe7 14. g5 Nh5 15. e4 dxe4 16. Qxe4 O-O-O 17. d5 cxd5 18. Nxd5 Qc5 19. Rd3 Kb8 20. Rhd1 hxg5 21. Ne3 Nhf6 22. Qf5 gxh4 23. Qg5 g6 24. Ng4 Nxg4 25. Qxg4 Rc8 26. Rc3 Qb5 27. Rxc8+ Kxc8 28. Nc3 Qc6 29. Nd5 Qe6 30. Qc4+ Kb8 31. Qc7+ Ka8 32. Qc3 Qf5 33. Nc7+ Kb8 34. Nb5 Qg5+ 35. Kb1 Rc8 36. Qa3 a6 37. Qd6+ Ka8 38. Qxd7 Rh8 39. Nd6 Rb8 40. Ne8 Qg3 41. Nc7+ Ka7 42. Nxa6 Ra8 43. Nc5 Qxf3 44. a3 h3 45. Qa4+ Kb6 46. Rd6+ Kxc5 47. Qb4# 1-0

[Event "16th Marseille Festival 2023"]
[Site "Marseille"]
[Date "2023.12.30"]
[Round "7.1"]
[White "Gusain, Himal"]
[Black "Philippe, Guillaume"]
[Result "1/2-1/2"]
[WhiteElo "2457"]
[BlackElo "2334"]
[PlyCount "51"]
[EventDate "2023.12.30"]
[EventType "swiss"]
[EventCountry "FRA"]
[TimeControl "5400+30"]

1. e4 d6 2. d4 Nf6 3. Nc3 g6 4. Nf3 Bg7 5. Be2 O-O 6. O-O a6 7. a4 Nc6 8. a5 e6 9. Re1 d5 10. e5 Ne4 11. Bd3 f5 12. exf6 Nxf6 13. Bg5 Qd6 14. Ne2 Ng4 15. h3 Rxf3 16. hxg4 Rf7 17. Ra4 Bd7 18. Bh4 e5 19. Bg3 Qf8 20. c4 Nxd4 21. Nxd4 Bxa4 22. Qxa4 exd4 23. cxd5 Kh8 24. Qb3 c6 25. d6 Re8 26. Re6 1/2-1/2

[Event "16th Marseille Festival 2023"]
[Site "Marseille"]
[Date "2023.12.30"]
[Round "7.2"]
[White "Lamard, Guillaume"]
[Black "Girel, Joseph"]
[Result "1-0"]
[WhiteElo "2497"]
[BlackElo "2495"]
[PlyCount "135"]
[EventDate "2023.12.30"]
[EventType "swiss"]
[EventCountry "FRA"]
[TimeControl "5400+30"]

1. Nf3 d5 2. e3 Nf6 3. c4 e6 4. Nc3 b6 5. cxd5 exd5 6. g3 Bb7 7. Bg2 Bd6 8. O-O O-O 9. b3 Nbd7 10. Bb2 Nc5 11. d3 Ne6 12. Rc1 a6 13. Re1 Qe7 14. Nh4 g6 15. Rc2 Rad8 16. Qa1 Ba3 17. Bxa3 Qxa3 18. Rec1 Qe7 19. Ne2 c5 20. d4 Ne4 21. Nf3 Qf6 22. Nf4 Nxf4 23. exf4 cxd4 24. Qxd4 Qxd4 25. Nxd4 a5 26. Rc7 Rc8 27. Bh3 f5 28. f3 Nc5 29. Re7 Rfe8 30. Rxe8+ Rxe8 31. Bf1 Kf7 32. Kf2 Re7 33. Rc2 Re8 34. Bb5 Rc8 35. Re2 Ba6 36. Bxa6 Nxa6 37. Nb5 Rd8 38. Rc2 Nc5 39. Ke3 Kf6 40. Nd4 Rc8 41. h3 Rc7 42. Nb5 Rd7 43. Nd4 Rc7 44. Nb5 Rd7 45. g4 h6 46. Nd4 Re7+ 47. Kd2 Rc7 48. Rc1 Re7 49. a3 Rc7 50. Re1 fxg4 51. hxg4 Re7 52. Rh1 Kg7 53. f5 Rf7 54. b4 axb4 55. axb4 Na6 56. Ne6+ Kg8 57. Ra1 Nc7 58. fxg6 Re7 59. Nd4 Ne8 60. Nf5 Re6 61. Ra8 Kf8 62. g7+ Kg8 63. Rd8 Kh7 64. Rxd5 Nf6 65. Rd8 Ng8 66. Kd3 Re1 67. Kc4 Rf1 68. Rd3 1-0

[Event "16th Marseille Festival 2023"]
[Site "Marseille"]
[Date "2023.12.30"]
[Round "7.3"]
[White "Petrosyan, Armen"]
[Black "Bilych, Olexiy"]
[Result "0-1"]
[WhiteElo "2368"]
[BlackElo "2433"]
[PlyCount "120"]
[EventDate "2023.12.30"]
[EventType "swiss"]
[EventCountry "FRA"]
[TimeControl "5400+30"]

1. e4 e5 2. Nf3 Nc6 3. Bb5 a6 4. Ba4 Nf6 5. O-O Be7 6. Re1 b5 7. Bb3 d6 8. c3 Na5 9. Bc2 c5 10. d4 cxd4 11. cxd4 Bg4 12. dxe5 Bxf3 13. gxf3 dxe5 14. Qxd8+ Rxd8 15. f4 Nc6 16. Nc3 O-O 17. Kg2 Bd6 18. fxe5 Bxe5 19. f4 Nb4 20. Bb1 Bxc3 21. bxc3 Nd3 22. Bxd3 Rxd3 23. Re2 Re8 24. a4 g6 25. axb5 axb5 26. e5 Nd5 27. Bd2 Rc8 28. Kf2 Nxc3 29. Bxc3 Rcxc3 30. Ra8+ Kg7 31. Ra7 Rf3+ 32. Kg2 Rxf4 33. e6 Rc8 34. Rf2 Rxf2+ 35. Kxf2 Rf8 36. Rb7 Kg8 37. Kg3 fxe6 38. Rxb5 Kg7 39. Rb2 Rf5 40. h4 Kf6 41. Rb7 h5 42. Rb8 Ra5 43. Rf8+ Ke5 44. Rg8 Ra3+ 45. Kf2 Kf6 46. Rf8+ Ke7 47. Rf4 e5 48. Rb4 Kf6 49. Kg2 Rd3 50. Ra4 Kf5 51. Ra6 Rd4 52. Kh3 Rg4 53. Ra5 Kf4 54. Ra6 e4 55. Rf6+ Ke5 56. Rf8 e3 57. Re8+ Kd4 58. Rd8+ Kc3 59. Re8 Kd3 60. Rd8+ Rd4 0-1

[Event "16th Marseille Festival 2023"]
[Site "Marseille"]
[Date "2023.12.30"]
[Round "7.4"]
[White "Pichon, Ewen"]
[Black "Avanesyan, Davit"]
[Result "1-0"]
[WhiteElo "2274"]
[BlackElo "2142"]
[PlyCount "83"]
[EventDate "2023.12.30"]
[EventType "swiss"]
[EventCountry "FRA"]
[TimeControl "5400+30"]

1. e4 c5 2. Nf3 Nc6 3. d4 cxd4 4. Nxd4 e5 5. Nb5 d6 6. c4 Be7 7. N5c3 Nf6 8. Bd3 O-O 9. O-O g6 10. Bh6 Re8 11. h3 Be6 12. Nd5 Bxd5 13. cxd5 Nb4 14. Bb5 Nd7 15. a3 Na6 16. Qg4 Nab8 17. Nc3 a6 18. Be2 Nf6 19. Qg3 Bf8 20. Be3 Bg7 21. Qf3 Nh5 22. g3 Bf6 23. Qg2 Ng7 24. h4 Be7 25. h5 gxh5 26. Qh3 Nd7 27. Bxh5 Nxh5 28. Qxh5 Nf6 29. Qe2 Qd7 30. Kg2 Qg4 31. f3 Qg6 32. Kf2 Nh5 33. Rg1 Bg5 34. Bxg5 Qxg5 35. Qe3 Qg6 36. Ne2 Rac8 37. Rac1 Ng7 38. g4 Rxc1 39. Qxc1 h5 40. gxh5 Qxh5 41. Rh1 Qg6 42. Rh6 1-0

[Event "16th Marseille Festival 2023"]
[Site "Marseille"]
[Date "2023.12.30"]
[Round "7.5"]
[White "Bremond, Pascal"]
[Black "Vu Dinh, Adrien"]
[Result "0-1"]
[WhiteElo "1894"]
[BlackElo "2234"]
[PlyCount "50"]
[EventDate "2023.12.30"]
[EventType "swiss"]
[EventCountry "FRA"]
[TimeControl "5400+30"]

1. d4 Nf6 2. c4 c5 3. dxc5 e6 4. Nf3 Bxc5 5. g3 O-O 6. Bg2 Nc6 7. O-O d6 8. Nc3 a6 9. e4 Rb8 10. a3 Qc7 11. Bg5 Nd7 12. Rc1 f6 13. Bf4 Nde5 14. Ne2 Rd8 15. Qc2 Bd7 16. h3 Be8 17. g4 Rbc8 18. b4 Ba7 19. Rfd1 Qe7 20. Bg3 Rc7 21. Nd2 h5 22. c5 dxc5 23. bxc5 Rcd7 24. Nf4 Nd4 25. Qa2 g5 0-1

[Event "16th Marseille Festival 2023"]
[Site "Marseille"]
[Date "2023.12.30"]
[Round "7.6"]
[White "Baroyan, Davit"]
[Black "Delaplace, Mathias"]
[Result "1-0"]
[WhiteElo "2203"]
[BlackElo "1956"]
[PlyCount "97"]
[EventDate "2023.12.30"]
[EventType "swiss"]
[EventCountry "FRA"]
[TimeControl "5400+30"]

1. Nf3 Nf6 2. g3 g6 3. b3 Bg7 4. Bb2 O-O 5. Bg2 d6 6. d4 Nbd7 7. O-O c6 8. c4 Re8 9. Nc3 e5 10. e3 exd4 11. Nxd4 Nc5 12. Qc2 Ne6 13. Rad1 Nxd4 14. Rxd4 Qe7 15. Qd2 Rd8 16. Rd1 d5 17. cxd5 cxd5 18. Bxd5 Re8 19. Bf3 a6 20. Na4 Bf5 21. Nb6 Rab8 22. Nc4 Be4 23. Qe2 Red8 24. Ba3 Qe8 25. Nd6 Bxf3 26. Nxe8 Rxd4 27. Nxf6+ Bxf6 28. Qxf3 Rxd1+ 29. Qxd1 Rd8 30. Qf3 Kg7 31. Qxb7 Rd1+ 32. Kg2 Ra1 33. Qxa6 Rb1 34. Bc5 h5 35. Bd4 Bxd4 36. exd4 h4 37. gxh4 Rd1 38. Qe2 Rc1 39. d5 Rc8 40. d6 Rd8 41. Qe5+ Kh7 42. Qe7 Rg8 43. Qxf7+ Rg7 44. Qe8 g5 45. h5 g4 46. d7 g3 47. d8=Q gxh2+ 48. Kxh2 Rg5 49. Qh8# 1-0

[Event "16th Marseille Festival 2023"]
[Site "Marseille"]
[Date "2023.12.30"]
[Round "7.7"]
[White "De Carvalho Massabo, Raphael"]
[Black "Charlier, Antoine"]
[Result "1/2-1/2"]
[WhiteElo "2137"]
[BlackElo "2147"]
[PlyCount "122"]
[EventDate "2023.12.30"]
[EventType "swiss"]
[EventCountry "FRA"]
[TimeControl "5400+30"]

1. e4 e5 2. Nf3 Nc6 3. Bc4 Nf6 4. d3 h6 5. O-O d6 6. a4 g5 7. Nc3 Bg7 8. a5 a6 9. Be3 O-O 10. Re1 Re8 11. h3 g4 12. hxg4 Bxg4 13. Nb1 Nd4 14. Nbd2 Nxf3+ 15. Nxf3 Nh7 16. Qd2 Qf6 17. Nh2 Bd7 18. c3 Ng5 19. Rf1 Qg6 20. Qe2 Kh8 21. Bxg5 hxg5 22. g4 Rad8 23. Kg2 Bc6 24. Qf3 Kg8 25. Rh1 Qf6 26. Rad1 Qxf3+ 27. Nxf3 d5 28. exd5 Bxd5 29. Bxd5 Rxd5 30. Nxg5 Red8 31. Rh3 Rxa5 32. Ne4 Kf8 33. g5 Rb5 34. Rd2 Rb6 35. Kf3 f5 36. gxf6 Bxf6 37. Nxf6 Rxf6+ 38. Ke4 Ke7 39. Rh7+ Kd6 40. d4 Rf4+ 41. Ke3 Rdf8 42. dxe5+ Kc6 43. Rh6+ Kb5 44. Rd5+ c5 45. e6 Rf3+ 46. Ke4 Rxf2 47. b4 R8f4+ 48. Ke5 Rf5+ 49. Kd6 Rxd5+ 50. Kxd5 Rd2+ 51. Ke5 cxb4 52. cxb4 Re2+ 53. Kd6 Kxb4 54. e7 Rxe7 55. Kxe7 a5 56. Rb6+ Kc3 57. Rxb7 a4 58. Kd6 a3 59. Kc5 a2 60. Ra7 Kb2 61. Rxa2+ Kxa2 1/2-1/2

[Event "16th Marseille Festival 2023"]
[Site "Marseille"]
[Date "2023.12.30"]
[Round "7.8"]
[White "Figier, Anthony"]
[Black "Le Roy, Tristan"]
[Result "0-1"]
[WhiteElo "2026"]
[BlackElo "1955"]
[PlyCount "76"]
[EventDate "2023.12.30"]
[EventType "swiss"]
[EventCountry "FRA"]
[TimeControl "5400+30"]

1. Nf3 Nf6 2. g3 e6 3. Bg2 d5 4. O-O Be7 5. d4 O-O 6. c4 c6 7. Qc2 b6 8. Nbd2 Bb7 9. e4 a5 10. e5 Nfd7 11. cxd5 cxd5 12. Nb1 b5 13. h4 Nc6 14. Be3 Qb6 15. Nc3 Rfc8 16. Qd1 a4 17. Bh3 Na5 18. Rb1 a3 19. Ne2 axb2 20. Rxb2 Nc4 21. Rc2 b4 22. Nf4 Na3 23. Rxc8+ Rxc8 24. Qa4 Nf8 25. Rc1 Nc4 26. Rb1 Ra8 27. Qd1 Rxa2 28. Bc1 Bc6 29. Qb3 Ra7 30. Bf1 Ba4 31. Qd3 Qc6 32. Qe2 Na3 33. Bxa3 bxa3 34. Ne1 Rb7 35. Ra1 Qc3 36. Qa6 Qxa1 37. Qxb7 Qxe1 38. Qxe7 a2 0-1

[Event "16th Marseille Festival 2023"]
[Site "Marseille"]
[Date "2023.12.30"]
[Round "8.1"]
[White "Lamard, Guillaume"]
[Black "Gusain, Himal"]
[Result "1/2-1/2"]
[WhiteElo "2497"]
[BlackElo "2457"]
[PlyCount "69"]
[EventDate "2023.12.30"]
[EventType "swiss"]
[EventCountry "FRA"]
[TimeControl "5400+30"]

1. Nf3 d5 2. d4 e6 3. c4 c6 4. g3 dxc4 5. Bg2 b5 6. O-O Nf6 7. a4 Bb7 8. b3 cxb3 9. Qxb3 b4 10. Ne5 a5 11. Rd1 Be7 12. Nd2 O-O 13. Ndc4 Qc7 14. Bf4 Nd5 15. Rac1 Nxf4 16. gxf4 Ra6 17. Qf3 Nd7 18. Nxd7 Qxd7 19. Ne5 Qd6 20. Qb3 g6 21. e3 Rc8 22. Rd2 Qd8 23. Rdc2 Qe8 24. Rc4 Bd6 25. Qb2 Qe7 26. Nd3 Raa8 27. Nc5 Ba6 28. R4c2 Bxc5 29. Rxc5 Bd3 30. Qb3 Bf5 31. h3 e5 32. fxe5 Qh4 33. Rxc6 Bxh3 34. Rc7 Rxc7 35. Rxc7 1/2-1/2

[Event "16th Marseille Festival 2023"]
[Site "Marseille"]
[Date "2023.12.30"]
[Round "8.2"]
[White "Bilych, Olexiy"]
[Black "Pichon, Ewen"]
[Result "1-0"]
[WhiteElo "2433"]
[BlackElo "2274"]
[PlyCount "127"]
[EventDate "2023.12.30"]
[EventType "swiss"]
[EventCountry "FRA"]
[TimeControl "5400+30"]

1. e4 e5 2. Nf3 Nc6 3. Bc4 Nf6 4. d3 Bc5 5. c3 d6 6. O-O O-O 7. Re1 a6 8. a4 h6 9. h3 Ba7 10. Nbd2 Re8 11. Nf1 Be6 12. Bxe6 Rxe6 13. b4 d5 14. Qc2 dxe4 15. dxe4 Ne7 16. Be3 Bxe3 17. Nxe3 Ng6 18. g3 a5 19. Nc4 axb4 20. cxb4 Qe7 21. b5 Qc5 22. Rec1 Re7 23. Qb1 Qa7 24. a5 Nd7 25. Qb2 Nc5 26. Qc2 Rd8 27. Ne3 Ne6 28. Nd5 Red7 29. Qb2 Kh8 30. Nxe5 Nxe5 31. Qxe5 Nd4 32. b6 Nf3+ 33. Kg2 Nxe5 34. bxa7 Ra8 35. f4 Ng6 36. Rxc7 Rxc7 37. Nxc7 Rxa7 38. e5 Kg8 39. Kf3 Ne7 40. Rd1 Rxa5 41. Rd8+ Kh7 42. Rd7 Ra3+ 43. Kg4 h5+ 44. Kxh5 Nf5 45. Rxf7 Nh6 46. Rd7 Rxg3 47. Ne6 Rxh3+ 48. Kg5 Rg3+ 49. Kh4 Rg1 50. Rxb7 Rg2 51. Kh3 Rg1 52. Rb6 Nf7 53. Nf8+ Kg8 54. Rb8 Re1 55. f5 g6 56. Nxg6+ Kg7 57. Rb7 Kg8 58. Re7 Ng5+ 59. Kh4 Nf3+ 60. Kg4 Nd4 61. Kg5 Rf1 62. Re8+ Kg7 63. f6+ Kf7 64. Re7+ 1-0

[Event "16th Marseille Festival 2023"]
[Site "Marseille"]
[Date "2023.12.30"]
[Round "8.3"]
[White "Philippe, Guillaume"]
[Black "Baroyan, Davit"]
[Result "1-0"]
[WhiteElo "2334"]
[BlackElo "2203"]
[PlyCount "113"]
[EventDate "2023.12.30"]
[EventType "swiss"]
[EventCountry "FRA"]
[TimeControl "5400+30"]

1. Nf3 Nf6 2. e3 d5 3. c4 c6 4. Nc3 Bf5 5. cxd5 Nxd5 6. Bc4 e6 7. O-O Nd7 8. d4 Bd6 9. Qe2 N7f6 10. Rd1 Nxc3 11. bxc3 Qc7 12. h3 h6 13. a4 Ne4 14. Bb2 O-O 15. Bd3 c5 16. Qc2 Qc6 17. c4 Bc7 18. dxc5 Nxc5 19. Bxf5 exf5 20. Rd5 Ne6 21. Rxf5 Rac8 22. Nd4 Qd6 23. g3 Qd7 24. Qe4 Bb6 25. Nxe6 Qxe6 26. Qg4 g6 27. Rf4 Qxg4 28. Rxg4 h5 29. Re4 f5 30. Re6 Rxc4 31. Rxg6+ Kf7 32. Rg7+ Ke6 33. a5 Bc7 34. a6 b6 35. Rd1 Rc2 36. Rdd7 Rxb2 37. Rge7+ Kf6 38. Rxc7 Rd8 39. Red7 Rg8 40. h4 Ra2 41. Rf7+ Ke6 42. Rce7+ Kd6 43. Rxa7 Rc8 44. Rxf5 Rc5 45. Rf6+ Ke5 46. Rxb6 Ke4 47. Re7+ Kf3 48. Rf7+ Ke2 49. a7 Rcc2 50. Rb8 Rc1+ 51. Kg2 Rca1 52. Rb5 Rxa7 53. Rxa7 Rxa7 54. Rxh5 Rf7 55. f4 Kxe3 56. Re5+ Kd4 57. h5 {[%emt 0:19:50] Kd5} 1-0

[Event "16th Marseille Festival 2023"]
[Site "Marseille"]
[Date "2023.12.30"]
[Round "8.4"]
[White "Vu Dinh, Adrien"]
[Black "Le Roy, Tristan"]
[Result "1-0"]
[WhiteElo "2234"]
[BlackElo "1955"]
[PlyCount "92"]
[EventDate "2023.12.30"]
[EventType "swiss"]
[EventCountry "FRA"]
[TimeControl "5400+30"]

1. e4 e5 2. Nf3 Nc6 3. Bc4 Bc5 4. d3 Nf6 5. a4 d6 6. c3 a6 7. b4 Ba7 8. O-O h6 9. Be3 O-O 10. Nbd2 Re8 11. Re1 Bxe3 12. fxe3 Be6 13. Qb3 Bxc4 14. Nxc4 Ne7 15. Ra2 Ng6 16. a5 Qd7 17. Rb2 Nf8 18. Nh4 g6 19. Rf1 Kg7 20. Rbf2 N8h7 21. Nd2 Re7 22. h3 Rae8 23. c4 c6 24. Qc3 Nh5 25. Kh2 Kg8 26. Qb3 Ng7 27. Nb1 Nf8 28. Nc3 Nfe6 29. Na4 Rd8 30. Nb6 Qe8 31. Nf5 gxf5 32. exf5 Nxf5 33. Rxf5 Kh7 34. Qd1 Qg8 35. Qh5 Rf8 36. Rf6 Qg7 37. Nc8 Rxc8 38. Rxf7 Rg8 39. Rxe7 Qxe7 40. Rf7+ Rg7 41. Qf5+ Kg8 42. Rxe7 Rxe7 43. Qf6 Re8 44. Qxh6 Kf7 45. Qh5+ Kf8 46. Qg6 Ke7 1-0

[Event "16th Marseille Festival 2023"]
[Site "Marseille"]
[Date "2023.12.30"]
[Round "8.5"]
[White "Girel, Joseph"]
[Black "Fabre, Jean-charles"]
[Result "1-0"]
[WhiteElo "2495"]
[BlackElo "1883"]
[PlyCount "115"]
[EventDate "2023.12.30"]
[EventType "swiss"]
[EventCountry "FRA"]
[TimeControl "5400+30"]

1. e4 e6 2. d4 d5 3. Nc3 Bb4 4. Nge2 dxe4 5. a3 Bxc3+ 6. Nxc3 Nc6 7. Bf4 Nge7 8. Qd2 e5 9. dxe5 Qxd2+ 10. Kxd2 Bf5 11. Re1 Ng6 12. Bg3 O-O-O+ 13. Kc1 Ncxe5 14. Nxe4 f6 15. f4 Nc6 16. Bd3 Kb8 17. Re3 Rhe8 18. Rhe1 Re7 19. h3 h5 20. Kd2 h4 21. Bh2 Red7 22. b4 a5 23. Nc5 Rd5 24. c4 R5d6 25. Kc3 Bxd3 26. Nxd3 axb4+ 27. axb4 Nd4 28. Nc5 Nf5 29. Re8 b6 30. Rxd8+ Rxd8 31. Nd3 Kb7 32. b5 Ra8 33. Kb2 Rd8 34. Kc2 Ra8 35. Kb3 Rd8 36. Kc3 Ra8 37. c5 bxc5 38. Nxc5+ Kb6 39. Na6 Rc8 40. Kb4 c5+ 41. Nxc5 Nd4 42. Rc1 Nxb5 43. Na4+ Kb7 44. Rxc8 Kxc8 45. Kxb5 Kd7 46. Nc5+ Ke7 47. Kc6 Kf7 48. Kd5 Ne7+ 49. Kd4 Kg6 50. Ke4 Kh5 51. Nd7 Ng8 52. Bg1 g6 53. Bd4 f5+ 54. Kf3 Ne7 55. Bf6 Nd5 56. Bg5 Nxf4 57. Bxf4 g5 58. Bxg5 1-0

[Event "16th Marseille Festival 2023"]
[Site "Marseille"]
[Date "2023.12.30"]
[Round "8.6"]
[White "Charlier, Antoine"]
[Black "Petrosyan, Armen"]
[Result "1/2-1/2"]
[WhiteElo "2147"]
[BlackElo "2368"]
[PlyCount "103"]
[EventDate "2023.12.30"]
[EventType "swiss"]
[EventCountry "FRA"]
[TimeControl "5400+30"]

1. d4 d5 2. c4 e6 3. Nc3 a6 4. cxd5 exd5 5. Bf4 Nf6 6. e3 c5 7. Nf3 Nc6 8. Be2 h6 9. h3 c4 10. Ne5 Qb6 11. Qc2 Be6 12. O-O Be7 13. Rad1 Rd8 14. Bf3 Bd6 15. Nxc6 bxc6 16. Bxd6 Rxd6 17. Na4 Qb5 18. b3 cxb3 19. Qxb3 O-O 20. Nc5 Bf5 21. Rd2 Ne4 22. Bxe4 dxe4 23. Rb2 Rg6 24. Qxb5 axb5 25. Kh2 Rd6 26. a4 bxa4 27. Nxa4 Be6 28. Nc5 Bd5 29. Rfb1 f5 30. Rb8 g5 31. Rxf8+ Kxf8 32. Kg3 Kg7 33. Rb7+ Kg8 34. Rb8+ Kf7 35. Rb7+ Ke8 36. Na6 Kf8 37. Nb4 Rf6 38. Nxd5 cxd5 39. Kh2 f4 40. Kg1 Ra6 41. Rb5 Ra1+ 42. Kh2 Rf1 43. exf4 gxf4 44. Rxd5 Rxf2 45. Kg1 e3 46. Re5 Rd2 47. Kf1 Rxd4 48. g3 Rd1+ 49. Kg2 Rd2+ 50. Kg1 Rd1+ 51. Kg2 Rd2+ 52. Kg1 1/2-1/2

[Event "16th Marseille Festival 2023"]
[Site "Marseille"]
[Date "2023.12.30"]
[Round "8.7"]
[White "De Carvalho Massabo, Raphael"]
[Black "Malka, Samuel"]
[Result "0-1"]
[WhiteElo "2137"]
[BlackElo "2201"]
[PlyCount "74"]
[EventDate "2023.12.30"]
[EventType "swiss"]
[EventCountry "FRA"]
[TimeControl "5400+30"]

1. e4 c5 2. Nf3 d6 3. Bb5+ Nc6 4. O-O Bd7 5. Re1 Nf6 6. c3 a6 7. Bxc6 Bxc6 8. d4 Bxe4 9. Bg5 Qd7 10. Bxf6 Bxf3 11. Qxf3 gxf6 12. dxc5 d5 13. Qxf6 Rg8 14. Qf3 e6 15. b4 Bh6 16. Qd3 O-O-O 17. Na3 Qa4 18. Nc2 Rg6 19. Nd4 Rdg8 20. g3 Bg7 21. Nb3 h5 22. Na5 Qb5 23. Qf3 Rf6 24. Qe3 Bh6 25. Qd4 Rf3 26. Rad1 Bg7 27. Qh4 Bxc3 28. c6 bxc6 29. Rc1 Qxb4 30. Qxb4 Bxb4 31. Nxc6 Bxe1 32. Ne7+ Kd7 33. Nxg8 Bxf2+ 34. Kg2 Rf5 35. Rb1 Bc5 36. Rb8 Rf2+ 37. Kh3 d4 0-1